 Dungeon Crawl Stone Soup version 0.30-a0-373-gd37427bb62 (webtiles) character file.

Game seed: 17546275305660099261

14565 funkygono the Thaumaturge (level 11, -10/73 HPs)
             Began as a Demonspawn Fire Elementalist on Nov 24, 2022.
             Was a High Priest of Vehumet.
             Mangled by a boulder beetle (19 damage)
             ... on level 11 of the Dungeon.
             The game lasted 00:25:47 (13681 turns).

funkygono the Thaumaturge (DsFE)                   Turns: 13681, Time: 00:25:48

Health: -10/73     AC:  9    Str: 10    XL:     11   Next: 90%
Magic:  8/26       EV: 13    Int: 20    God:    Vehumet [*****.]
Gold:   741        SH:  9    Dex: 13    Spells: 9/33 levels left

rFire   + . .      SeeInvis .    L - +1 mace (protect)
rCold   . . .      Faith    .    (no shield)
rNeg    + . .      Spirit   .    a - +0 robe
rPois   .          Reflect  +    (helmet restricted)
rElec   .          Harm     .    C - +0 cloak
rCorr   .          Rampage  .    c - +2 pair of gloves
Will    .....                    f - +2 pair of boots
Stlth   ++........               d - amulet of Dojytre {Reflect rN+ SH+5}
HPRegen 0.32/turn                v - ring of wizardry
MPRegen 0.20/turn                x - ring of protection from fire

@: mighty
A: horns 1, spiny 2, condensation shield, weakness stinger 2
a: Renounce Religion


You were on level 11 of the Dungeon.
You worshipped Vehumet.
Vehumet was extremely pleased with you.
You visited 2 branches of the dungeon, and saw 12 of its levels.
You also visited: Ossuary.

You collected 741 gold pieces.

Inventory:

Hand Weapons
 o - a +0 whip
 B - a +2 quarterstaff of chaos
 G - a +0 whip of freezing
 L - a +1 mace of protection (weapon)
Armour
 a - a +0 robe (worn)
 c - a +2 pair of gloves (worn)
 f - a +2 pair of boots (worn)
 C - a +0 cloak (worn)
 J - a +2 buckler of cold resistance
Jewellery
 d - the amulet of Dojytre (around neck) {Reflect rN+ SH+5}
   (You acquired it on level 3 of the Dungeon)

   [amulet of reflection]

   It reflects blocked missile attacks.
   rN:        It protects you from negative energy.
   SH:        It affects your SH (+5).
 r - a ring of positive energy
 v - a ring of wizardry (left hand)
 x - a ring of protection from fire (right hand)
 D - an amulet of faith
 H - a ring of flight
 O - a +6 ring of dexterity
Wands
 s - a wand of digging (2)
 y - a wand of flame (11)
 I - a wand of iceblast (2)
 K - a wand of charming (10)
Scrolls
 j - 2 scrolls of enchant armour
 m - a scroll of blinking
 n - 3 scrolls of fog
 t - 3 scrolls of poison
 E - a scroll of teleportation
 M - a scroll of magic mapping
 N - a scroll of fear
Potions
 b - a potion of magic
 e - 9 potions of curing
 g - 2 potions of haste
 h - a potion of resistance
 i - 5 potions of lignification
 k - 3 potions of ambrosia
 l - a potion of berserk rage
 p - 3 potions of flight
 q - a potion of might
 u - 2 potions of attraction
 w - 3 potions of invisibility
 z - a potion of mutation
 A - a potion of brilliance
Miscellaneous
 F - a box of beasts


   Skills:
 + Level 2.4 Fighting
 + Level 1.1(1.7) Maces & Flails
 + Level 2.1(2.2) Staves
 + Level 3.5 Dodging
 - Level 1.7 Stealth
 + Level 3.1 Shields
 + Level 11.5 Spellcasting
 + Level 7.8 Conjurations
 + Level 1.3 Translocations
 + Level 10.3 Fire Magic
 + Level 1.4 Earth Magic


You had 9 spell levels left.
You knew the following spells:

 Your Spells              Type           Power      Damage    Failure   Level
a - Foxfire               Conj/Fire      100%       2x1d9     1%          1
b - Scorch                Fire           100%       2d10      1%          2
c - Kindle Blastsparks    Fire/Tloc/Air  54%        2d14      1%          3
d - Flame Wave            Conj/Fire      47%        2d12      1%          4
e - Sandblast             Erth           34%        2d9       1%          1
f - Magic Dart            Conj           100%       1d8       1%          1
g - Ignite Poison         Fire/Tmut/Pois 25%        N/A       1%          3
h - Sticky Flame          Conj/Fire      47%        2d6       1%          4
i - Fireball              Conj/Fire      23%        3d11      1%          5

Your spell library contained the following spells:

 Spells                   Type           Power      Damage    Failure   Level
 Airstrike                Air            5%         2d(1-17)  7%          4
 Inner Flame              Hex/Fire       32%        N/A       1%          3
 Slow                     Hex            44%        N/A       2%          1
 Confusing Touch          Hex            11%        N/A       8%          3
 Vampiric Draining        Necr           11%        2d6       8%          3


Dungeon Overview and Level Annotations

Branches:
Dungeon (11/15)            Temple (1/1) D:4            Lair (0/5) D:10
    Orc (0/2) D:11        Ossuary (visited)

Altars:
Ashenzari
Cheibriados
Dithmenos
Fedhas
Gozag
Hepliaklqana
Kikubaaqudgha
Makhleb
Nemelex Xobeh
Okawaru
Qazlal
Ru
Sif Muna
Trog
Uskayaw
Vehumet
Wu Jian
Xom
Yredelemnul

Shops:
D:1 ?=[!*   D:11 [


Innate Abilities, Weirdness & Mutations

You have a pair of small horns on your head.
You are mostly covered in sharp spines.
A meltable shield of frost defends you. (SH +4)
You have a tail ending in a sharp stinger.


Message History

Aim: a boulder beetle (heavily wounded, 100% to hit)
The blast of sand hits the boulder beetle but does no damage.
The boulder beetle is heavily wounded.
The boulder beetle bites you. You block the boulder beetle's attack.
Casting: Sandblast (safe; 1% risk of failure)
Confirm with . or Enter, or press ? or * to list all spells.
Aiming: Sandblast (safe; 1% risk of failure)
Press: ? - help, Shift-Dir - straight line, f/p - boulder beetle
Aim: a boulder beetle (heavily wounded, 100% to hit)
The blast of sand hits the boulder beetle but does no damage.
The boulder beetle is heavily wounded.
The boulder beetle misses you.
Casting: Sandblast (safe; 1% risk of failure)
Confirm with . or Enter, or press ? or * to list all spells.
Aiming: Sandblast (safe; 1% risk of failure)
Press: ? - help, Shift-Dir - straight line, f/p - boulder beetle
Aim: a boulder beetle (heavily wounded, 100% to hit)
The blast of sand hits the boulder beetle but does no damage.
The boulder beetle is heavily wounded.
You block the boulder beetle's attack. The boulder beetle barely misses you.
Casting: Sandblast (safe; 1% risk of failure)
Confirm with . or Enter, or press ? or * to list all spells.
Aiming: Sandblast (safe; 1% risk of failure)
Press: ? - help, Shift-Dir - straight line, f/p - boulder beetle
Aim: a boulder beetle (heavily wounded, 100% to hit)
The blast of sand hits the boulder beetle but does no damage.
The boulder beetle is heavily wounded.
The boulder beetle bites you.
Casting: Sandblast (safe; 1% risk of failure)
Confirm with . or Enter, or press ? or * to list all spells.
Aiming: Sandblast (safe; 1% risk of failure)
Press: ? - help, Shift-Dir - straight line, f/p - boulder beetle
Aim: a boulder beetle (heavily wounded, 100% to hit)
The blast of sand hits the boulder beetle but does no damage.
The boulder beetle is heavily wounded.
The boulder beetle misses you. The boulder beetle bites you!
* * * LOW HITPOINT WARNING * * *
The boulder beetle attacks as you move away!
The boulder beetle bites you!!
You die...

#.#####.# ##.............#
.)....#(#####.....#####.####
..###.#.##......<.# #.#
#<....#.##...^....# #.#
#######.#......#.######.#
........#...##..........#
#########.............###
#####....##.B.....###.°
#.....?>....@...[...°..
#<###)..###.......#####
#####.#..........######
[.....#.##########
####..#.§§§§v#
#..#......######
#..............##
##.##......####..#
#................#


You could see a boulder beetle.

Vanquished Creatures
  A two-headed ogre (D:9)
  3 ugly things (D:7)
  A deep elf pyromancer (D:7)
  A cyclops (D:11)
  Maurice (D:8)
  A water nymph (shapeshifter) (D:7)
  A komodo dragon (D:10)
  A troll (D:11)
  2 hornets (D:10)
  Prince Ribbit (D:6)
  Sigmund (D:6)
  3 shadows
  A vampire (D:11)
  A wraith (D:7)
  3 wyverns (D:9)
  14 yaks
  Grum (D:9)
  2 water moccasins
  4 ice beasts
  3 orc warriors
  2 sky beasts
  An ogre (D:4)
  2 wolves (D:9)
  4 centaurs
  A phantom (D:5)
  7 bullfrogs
  2 kobold brigands
  3 necrophages
  19 scorpions
  10 wights
  24 killer bees
  8 howler monkeys
  3 centaur zombies (Ossuary)
  4 hounds
  2 gnoll boudas
  3 jellies
  2 human zombies (Ossuary)
  3 orc priests
  Crazy Yiuf (D:7)
  Jessica (D:3)
  9 iguanas
  3 scorpion zombies (Ossuary)
  5 orc wizards
  4 mummies
  6 adders
  8 gnolls
  A shadow imp (D:7)
  2 white imps (D:8)
  An adder skeleton (D:3)
  2 worms
  4 dart slugs
  22 orcs
  4 endoplasms
  5 goblins
  6 hobgoblins
  6 jackals
  16 kobolds
  4 quokkas
  9 ball pythons
  A ball python skeleton (D:3)
  2 bats (D:2)
  4 frilled lizards
  3 hobgoblin zombies
  5 kobold zombies
  6 orc zombies (Ossuary)
  5 rats
291 creatures vanquished.

Vanquished Creatures (collateral kills)
  6 foxfires
6 creatures vanquished.

Vanquished Creatures (others)
  938 foxfires
  17 fungi (D:10)
  19 plants (D:10)
  5 withered plants (D:3)
979 creatures vanquished.

Grand Total: 1276 creatures vanquished

Notes
Turn   | Place    | Note
-------+----------+-------------------------------------------
     0 | D:1      | funkygono the Demonspawn Fire Elementalist began the quest
                  | for the Orb.
     0 | D:1      | Reached XP level 1. HP: 13/13 MP: 3/3
    11 | D:1      | Found Hicir's Assorted Antiques.
   212 | D:1      | Found a faded altar of an unknown god.
   259 | D:1      | Found Xononac's Jewellery Emporium.
   342 | D:1      | Discovered your monstrous ancestry.
   342 | D:1      | Gained mutation: You have a small tail. [demonic ancestry]
   342 | D:1      | Reached XP level 2. HP: 19/19 MP: 3/5
   345 | D:1      | Learned a level 2 spell: Scorch
   421 | D:1      | Found Gegich Qita's Distillery.
   427 | D:1      | Found Rueruz's Armour Shoppe.
   608 | D:1      | Found Ownex's Magic Scroll Boutique.
  1053 | D:2      | Gained mutation: You are partially covered in sharp spines.
                  | [demonic ancestry]
  1053 | D:2      | Reached XP level 3. HP: 24/24 MP: 1/6
  1700 | D:3      | Learned a level 3 spell: Kindle Blastsparks
  1926 | D:3      | Noticed Jessica
  1929 | D:3      | Killed Jessica
  1930 | D:3      | Gained mutation: A meltable shield of frost defends you.
                  | (SH +4) [demonic ancestry]
  1930 | D:3      | Reached XP level 4. HP: 30/30 MP: 3/8
  2021 | D:3      | Reached skill level 3 in Spellcasting
  2411 | D:3      | Identified a scroll of acquirement
  2411 | D:3      | Acquired the amulet of Dojytre {Reflect rN+ SH+5}
  2631 | D:4      | Noticed a scorpion
  2714 | D:4      | Killed a scorpion
  2715 | D:4      | Reached XP level 5. HP: 33/35 MP: 1/10
  2720 | D:4      | Learned a level 4 spell: Flame Wave
  3095 | D:4      | Found a staircase to the Ecumenical Temple.
  3108 | D:4      | Reached skill level 4 in Spellcasting
  3108 | D:4      | Reached XP level 6. HP: 41/41 MP: 4/12
  3113 | Temple   | Entered the Ecumenical Temple
  3187 | Temple   | Became a worshipper of Vehumet
  3545 | D:4      | Reached skill level 1 in Shields
  3941 | D:4      | Noticed a sky beast
  3946 | D:4      | Killed a sky beast
  3947 | D:4      | Reached skill level 5 in Fire Magic
  3947 | D:4      | Gained mutation: You have a tail ending in a sharp stinger.
                  | [demonic ancestry]
  3947 | D:4      | Reached XP level 7. HP: 40/46 MP: 6/13
  4456 | D:5      | Entered Level 5 of the Dungeon
  4615 | D:5      | Reached skill level 5 in Spellcasting
  4941 | D:5      | Reached skill level 1 in Translocations
  4941 | D:5      | Reached XP level 8. HP: 53/53 MP: 10/15
  5515 | D:5      | Reached * piety under Vehumet
  5515 | D:5      | Offered knowledge of Sandblast by Vehumet.
  5682 | D:5      | Learned a level 1 spell: Sandblast
  5735 | D:6      | Noticed Prince Ribbit
  5740 | D:6      | Killed Prince Ribbit
  5741 | D:6      | Reached skill level 6 in Spellcasting
  5741 | D:6      | Noticed Sigmund
  5749 | D:6      | Killed Sigmund
  5887 | D:6      | Reached skill level 5 in Conjurations
  5902 | D:6      | Found a sand-covered staircase.
  5908 | Ossuary  | Entered an ossuary
  6147 | Ossuary  | Reached skill level 7 in Spellcasting
  6250 | Ossuary  | Reached XP level 9. HP: 53/58 MP: 8/19
  6485 | Ossuary  | Offered knowledge of Magic Dart by Vehumet.
  6496 | Ossuary  | Reached ** piety under Vehumet
  7231 | D:6      | Reached skill level 8 in Spellcasting
  7246 | D:6      | Learned a level 1 spell: Magic Dart
  7691 | D:7      | Found an ancient bone altar of Kikubaaqudgha.
  7923 | D:7      | Found a runed translucent door.
  7924 | D:7      | Noticed Crazy Yiuf
  8014 | D:7      | Offered knowledge of Ignite Poison by Vehumet.
  8122 | D:7      | Found a broken altar of Ashenzari.
  8176 | D:7      | Noticed a boulder beetle
  8404 | D:7      | Learned a level 3 spell: Ignite Poison
  8445 | D:7      | Killed Crazy Yiuf
  8446 | D:7      | Gained mutation: You are mostly covered in sharp spines.
                  | [demonic ancestry]
  8446 | D:7      | Reached XP level 10. HP: 64/64 MP: 16/22
  8717 | D:7      | a boulder beetle changed into a glowing shapeshifter
  8717 | D:7      | Noticed a glowing shapeshifter (glowing shapeshifter)
  8717 | D:7      | a glowing shapeshifter changed into an anaconda
  8717 | D:7      | Noticed an anaconda (glowing shapeshifter)
  8718 | D:7      | an anaconda changed into a two-headed ogre
  8718 | D:7      | Noticed a two-headed ogre (glowing shapeshifter)
  8723 | D:7      | a two-headed ogre changed into a torpor snail
  8723 | D:7      | Noticed a torpor snail (glowing shapeshifter)
  8724 | D:7      | a torpor snail changed into an anaconda
  8724 | D:7      | Noticed an anaconda (glowing shapeshifter)
  8725 | D:7      | an anaconda changed into a spark wasp
  8725 | D:7      | Noticed a spark wasp (glowing shapeshifter)
  8726 | D:7      | a spark wasp changed into a steelbarb worm
  8726 | D:7      | Noticed a steelbarb worm (glowing shapeshifter)
  8729 | D:7      | a steelbarb worm changed into a torpor snail
  8729 | D:7      | Noticed a torpor snail (glowing shapeshifter)
  8730 | D:7      | a torpor snail changed into a shining eye
  8730 | D:7      | Noticed a shining eye (glowing shapeshifter)
  8732 | D:7      | a shining eye changed into a wolf spider
  8732 | D:7      | Noticed a wolf spider (glowing shapeshifter)
  8734 | D:7      | a wolf spider changed into a water nymph
  8734 | D:7      | Noticed a water nymph (glowing shapeshifter)
  8739 | D:7      | Killed a water nymph
  8740 | D:7      | Reached skill level 1 in Fighting
  8740 | D:7      | Reached skill level 1 in Staves
  8740 | D:7      | Reached skill level 9 in Spellcasting
  8876 | D:7      | Reached *** piety under Vehumet
  9098 | D:7      | Noticed a white ugly thing
  9099 | D:7      | Noticed a brown ugly thing
  9101 | D:7      | Noticed a deep elf pyromancer
  9105 | D:7      | Killed a white ugly thing
  9106 | D:7      | Reached skill level 1 in Earth Magic
  9106 | D:7      | Killed a brown ugly thing
  9106 | D:7      | Noticed a white ugly thing
  9113 | D:7      | Killed a deep elf pyromancer
  9117 | D:7      | HP: 1/65 [white ugly thing (19)]
  9121 | D:7      | Killed a white ugly thing
  9448 | D:8      | You fall into a shaft and drop 1 floor!
  9707 | D:8      | Reached skill level 10 in Spellcasting
  9958 | D:8      | Offered knowledge of Sticky Flame by Vehumet.
  9968 | D:8      | Gained mutation: You have a pair of small horns on your
                  | head. [demonic ancestry]
  9968 | D:8      | Reached XP level 11. HP: 36/70 MP: 15/25
 10061 | D:8      | Noticed Maurice
 10072 | D:8      | Killed Maurice
 10608 | D:8      | Learned a level 4 spell: Sticky Flame
 10714 | D:9      | Noticed Grum
 10722 | D:9      | Killed Grum
 10870 | D:9      | Noticed a two-headed ogre
 10984 | D:9      | Killed a two-headed ogre
 11167 | D:9      | Reached **** piety under Vehumet
 11282 | D:9      | Offered knowledge of Fireball by Vehumet.
 11291 | D:9      | Learned a level 5 spell: Fireball
 11843 | D:10     | Entered Level 10 of the Dungeon
 11855 | D:10     | Reached skill level 1 in Maces & Flails
 12112 | D:10     | Reached skill level 11 in Spellcasting
 12390 | D:10     | Reached skill level 10 in Fire Magic
 12849 | D:10     | Found a staircase to the Lair.
 13556 | D:11     | Found Xoipaiff's Armour Shop.
 13557 | D:11     | Found a staircase to the Orcish Mines.
 13652 | D:11     | Reached ***** piety under Vehumet
 13652 | D:11     | Offered knowledge of Airstrike by Vehumet.
 13652 | D:11     | Noticed a boulder beetle
 13681 | D:11     | Mangled by a boulder beetle

Illustrated notes

Levels and vault maps discovered:
D:1:      tarquinn_simple_flora_water_b, layout_basic, serial_shops,
          nicolae_shop_trees, shop, nicolae_shop_behind_doors,
          nicolae_shop_advertising_works [nicolae_subvault_shop_adworks], shop,
          hellmonk_ecumenical_altar_inner_sanctum
D:2:      layout_rooms, dk_noncrumbling_4
D:3:      layout_loops_ring, jmf_multi_god_temple, serial_undead,
          serial_undead_c, serial_undead_d, serial_undead_c, serial_undead_b,
          uniq_jessica
D:4:      wad_river_or_something, layout_basic,
          minmay_temple_entry_statues_fountains, serial_forest,
          infiniplex_forest_clump_curved, infiniplex_forest_side_room,
          infiniplex_forest_lined_2, infiniplex_forest_zigzag_2,
          infiniplex_forest_lined_2, infiniplex_forest_straight_4,
          infiniplex_forest_zigzag_2, infiniplex_forest_lined_room_2,
          infiniplex_forest_straight_1, minmay_misc_feat_ornament
D:5:      layout_cave_pods, minmay_misc_feat_tiny
D:6:      layout_rooms, nicolae_ossuary_entry_giza, uniq_prince_ribbit1,
          uniq_sigmund
D:7:      minmay_the_grid_octo_2x2 [minmay_the_grid_octo_toaster,
          minmay_the_grid_octo_vomiting_pacman, minmay_the_grid_octo_odd_swirl,
          minmay_the_grid_octo_prize_single_spiral], layout_cave_pools,
          serial_park, serial_park_gazebo [serial_park_minivault_5x5_1],
          serial_park_tiny_1, serial_park_square1 [serial_park_minivault_5x5_2],
          hangedman_feature_mirror, uniq_crazy_yiuf_cottage
D:8:      layout_gridville, uniq_maurice
D:9:      layout_basic, uniq_grum
D:10:     layout_small_grid, grunt_lair_entry_orc_guard_hut
D:11:     layout_basic, orc_david_3
Temple:   nicolae_temple_bog_church

Skill      XL: |  1  2  3  4  5  6  7  8  9 10 11 |
---------------+----------------------------------+-----
Fire Magic     | 3 4 5 6 8 9 10 | 10.3
Dodging        | 2 3 |  3.5
Spellcasting   | 3 4 5 7 8 10 11 | 11.5
Conjurations   | 2 3 5 6 7 |  7.8
Shields        | 1 2 3 |  3.1
Translocations | 1 |  1.3
Fighting       | 1 2 |  2.4
Staves         | 2 |  2.1
Earth Magic    | 1 |  1.4
Maces & Flails | 1 |  1.1
Stealth        | |  1.7

Action                   |  1- 3 |  4- 6 |  7- 9 | 10-12 || total
-------------------------+-------+-------+-------+-------++-------
Melee: Short sword       |     1 |       |       |       ||     1
       Whip              |       |    12 |    28 |    11 ||    51
       Tailslap          |       |     4 |       |     8 ||    12
       Quarterstaff      |       |       |       |    14 ||    14
       Mace              |       |       |       |    26 ||    26
       Headbutt          |       |       |       |     3 ||     3
 Cast: Foxfire           |    58 |    65 |   229 |   194 ||   546
       Scorch            |     1 |    25 |    60 |    91 ||   177
       Kindle Blastspark |       |       |     1 |       ||     1
       Sandblast         |       |       |     8 |    23 ||    31
       Magic Dart        |       |       |     2 |     2 ||     4
       Flame Wave        |       |       |       |    18 ||    18
Evoke: Wand              |       |       |       |     5 ||     5
  Use: Scroll            |       |     7 |    15 |     5 ||    27
       Potion            |       |       |       |     5 ||     5
Armor: Robe              |     3 |     4 |    22 |    21 ||    50
Dodge: Dodged            |     4 |     8 |    33 |    59 ||   104
Block: Other             |       |    10 |    30 |    76 ||   116
       Reflection        |       |       |       |     2 ||     2

Table legend: (Time is in decaauts)
 A = Elapsed time spent in this place.
 B = Non-inter-level travel time spent in this place.
 C = Inter-level travel time spent in this place.
 D = Time resting spent in this place.
 E = Time spent auto-exploring this place.
 F = Levels seen in this place.
 G = Mean time per level.
                   A        B        C        D        E       F      G
               +--------+--------+--------+--------+--------+-----+--------+
         Total |  13732 |  13422 |    310 |    773 |  10280 |  13 | 1056.3 |
       Dungeon |  12544 |  12259 |    285 |    547 |   9622 |  11 | 1140.4 |
        Temple |    242 |    217 |     25 |      0 |    194 |   1 |  242.0 |
       Ossuary |    945 |    945 |      0 |    226 |    463 |   1 |  945.0 |
               +--------+--------+--------+--------+--------+-----+--------+

Top non-repeatable levels by time:
     D:7: 2015 daAuts
     D:4: 1712 daAuts
     D:9: 1471 daAuts
    D:10: 1375 daAuts
     D:5: 1270 daAuts
     D:8: 1162 daAuts
     D:3: 978 daAuts
 Ossuary: 945 daAuts
     D:2: 812 daAuts
     D:1: 727 daAuts
     D:6: 705 daAuts
    D:11: 312 daAuts
  Temple: 242 daAuts
